 Dungeon Crawl Stone Soup version 0.20.0-15-g7f486f2 (webtiles) character file.

9914 meatball the Grappler (level 11, 0/113 HPs)
             Began as a Troll Monk on July 1, 2017.
             Was a Priest of the Shining One.
             Slain by a death knight
             ... wielding a +3 broad axe
              (28 damage)
             ... on level 10 of the Dungeon.
             The game lasted 00:37:24 (8068 turns).

meatball the Grappler (Troll Monk)                  Turns: 8068, Time: 00:37:25

Health: 0/113      AC:  6    Str: 24    XL:     11   Next: 29%
Magic:  11/13      EV: 13    Int:  6    God:    the Shining One [***...]
Gold:   675        SH:  8    Dex: 12    Spells: 10/10 levels left

rFire    . . .     SeeInvis .     - Unarmed
rCold    . . .     Gourm    +   (no shield)
rNeg     + . .     Faith    .   a - +0 robe
rPois    .         Spirit   .   (helmet restricted)
rElec    .         Reflect  .   g - +0 cloak
rCorr    .         Harm     .   (gloves unavailable)
MR       .....                  (boots unavailable)
Stlth    +.........             (no amulet)
Regen    0.7/turn               (no ring)
MPRegen  0.2/turn               (no ring)

@: divine shield, glowing
A: unfitting armour, claws 3, fast metabolism 3, gourmand, regeneration 1,
shaggy fur 1, tough skin 2
a: Divine Shield, Renounce Religion


You were on level 10 of the Dungeon.
You worshipped the Shining One.
The Shining One was most pleased with you.
You were very full.

You visited 2 branches of the dungeon, and saw 11 of its levels.

You collected 675 gold pieces.

Inventory:

Missiles
 E - 6 tomahawks of returning (quivered)
Armour
 a - a +0 robe (worn)
 g - a +0 cloak (worn)
 C - a scarf of cloud immunity
 Y - a +0 large shield
 Z - a +0 hat
Jewellery
 d - an uncursed amulet of guardian spirit {unknown}
 r - an uncursed ring of poison resistance {unknown}
 x - an uncursed amulet of harm {unknown}
 L - a +4 amulet of reflection {unknown}
 S - an uncursed ring of protection from fire {unknown}
 T - a +2 ring of protection {unknown}
Wands
 p - a wand of paralysis (3/24)
 w - a wand of polymorph (0/24)
 M - a wand of iceblast (2/15)
 P - a wand of enslavement (18/24)
 R - a wand of paralysis (6/24)
 V - a wand of acid (4/15)
 X - a wand of paralysis (9/24)
Scrolls
 e - 4 scrolls of enchant armour {unknown}
 h - 5 scrolls of remove curse {unknown}
 k - 3 scrolls of amnesia {unknown}
 l - a scroll of recharging {unknown}
 n - 8 scrolls of identify {unknown}
 s - a scroll of fear {unknown}
 u - 4 scrolls of teleportation {unknown}
 v - a scroll of fog {unknown}
 z - 2 scrolls of magic mapping {unknown}
 B - a scroll of random uselessness {unknown}
 Q - a scroll of enchant weapon {unknown}
Potions
 c - a potion of haste {unknown}
 f - a potion of brilliance {unknown}
 i - 8 potions of curing
 j - a potion of resistance {unknown}
 o - 5 potions of lignification {unknown}
 D - a potion of flight {unknown}
 F - 4 potions of agility {unknown}
 G - a potion of might {unknown}
 H - a potion of heal wounds {unknown}
 I - a potion of mutation {unknown}
 J - a potion of magic {unknown}
 K - a potion of degeneration {unknown}
Books
 y - a book of Callings

   Spells                             Type                      Level
   a - Summon Small Mammal            Summoning                    1
   b - Call Imp                       Summoning                    2
   c - Call Canine Familiar           Summoning                    3
   d - Summon Guardian Golem          Hexes/Summoning              3
   e - Summon Lightning Spire         Summoning/Air                4
   f - Summon Ice Beast               Ice/Summoning                4
 A - a book of Debilitation

   Spells                             Type                      Level
   a - Corona                         Hexes                        1
   b - Slow                           Hexes                        2
   c - Inner Flame                    Hexes/Fire                   3
   d - Portal Projectile              Hexes/Translocation          3
   e - Cause Fear                     Hexes                        4
   f - Leda's Liquefaction            Hexes/Earth                  4
 N - a book of Maledictions

   Spells                             Type                      Level
   a - Corona                         Hexes                        1
   b - Ensorcelled Hibernation        Hexes/Ice                    2
   c - Confuse                        Hexes                        3
   d - Tukima's Dance                 Hexes                        3
   e - Dazzling Spray                 Conjuration/Hexes            3
 O - a book of Conjurations

   Spells                             Type                      Level
   a - Magic Dart                     Conjuration                  1
   b - Searing Ray                    Conjuration                  2
   c - Dazzling Spray                 Conjuration/Hexes            3
   d - Fulminant Prism                Conjuration/Hexes            4
   e - Force Lance                    Conjuration/Translocation    4
   f - Iskenderun's Mystic Blast      Conjuration                  4
 W - a book of Air

   Spells                             Type                      Level
   a - Shock                          Conjuration/Air              1
   b - Swiftness                      Charms/Air                   2
   c - Static Discharge               Conjuration/Air              3
   d - Airstrike                      Air                          4
   e - Lightning Bolt                 Conjuration/Air              5
Comestibles
 b - 10 bread rations
 m - 6 meat rations
 q - 3 fruits
 t - 6 royal jellies
 U - 6 chunks of flesh


   Skills:
 + Level 8.3 Fighting
 + Level 7.4 Dodging
 - Level 1.0 Stealth
 + Level 9.9 Unarmed Combat
 * Level 4.4 Invocations
 - Level 5.0 Evocations


You had 10 spell levels left.
You didn't know any spells.

Dungeon Overview and Level Annotations

Branches:
Dungeon (10/15)            Temple (1/1) D:5             Orc (0/2) D:9
   Lair: D:8-11

Altars:
Ashenzari
Cheibriados
Dithmenos
Elyvilon
Fedhas
Gozag
Hepliaklqana
Kikubaaqudgha
Nemelex Xobeh
Okawaru
Qazlal
Ru
Trog
Uskayaw
Vehumet
Xom
Yredelemnul
Zin
The Shining One

Shops:
D:9 [

Annotations:
D:7 1 runed door


Innate Abilities, Weirdness & Mutations

You are too large for most types of armour.
You have claws for hands.
Your metabolism is lightning-fast.
You like to eat raw meat.
Your natural rate of healing is unusually fast.
You are covered in fur. (AC +1)
You have very tough skin. (AC +2)


Message History

You mangle the wyvern!!
The wyvern is severely wounded.
The wyvern bites you.
You claw the wyvern!
You kill the wyvern!
A worker ant comes into view.
A divine shield forms around you!
You feel slightly less full.
The death knight hits you with an enchanted broad axe!!
* * * LOW HITPOINT WARNING * * *
The worker ant twitches its antennae in your direction.
You scratch the death knight.
The death knight is lightly wounded.
The shadow imp closely misses you. The death knight misses you.
You closely miss the death knight.
The death knight is lightly wounded.
The shadow imp hits you but does no damage.
The shadow imp grinds its teeth.
It was a potion of curing.
You feel better.
The death knight hits you with an enchanted broad axe!!
You die...

... ..........# .......#
.......#### ..........
#......... ###.........
#........... #.##@...#
#...p...#### ####5.......
#. #..####.a$..... #.
#...a.......... #.
..#.####†...#######.####.
#.......# #...#.#....
#.#.....##..# ... #.. #
#.....#...# ... #..


You could see a death knight, a worker ant and a shadow imp.

Vanquished Creatures
  Gastronok (D:10)
  A two-headed ogre (D:9)
  Nergalle (D:10)
  Pikel (D:8)
  The ghost of meatball the Skirmisher, a novice MiFi (D:4)
  Joseph (D:8)
  A hippogriff (D:9)
  Sigmund (D:5)
  A vampire (D:10)
  A yak (D:7)
  A wyvern (D:10)
  3 hogs (D:7)
  A human (D:7)
  Grum (D:8)
  6 swamp worms (D:8)
  2 sky beasts
  Duvessa (D:4)
  An ice beast (D:7)
  2 phantoms
  3 orc warriors
  6 ogres
  3 wolves (D:8)
  A centaur (D:6)
  Blork the orc (D:4)
  3 bullfrogs
  Dowan (D:4)
  A wyvern skeleton (D:6)
  5 scorpions
  3 howler monkeys
  A crimson imp (D:3)
  A quasit (D:8)
  4 hounds
  4 jellies
  A gnoll shaman (D:5)
  8 orc priests
  8 orc wizards
  2 bullfrog skeletons (D:4)
  Terence (D:2)
  3 iguanas
  Ijyb (D:3)
  12 worker ants
  A hound zombie (D:9)
  A howler monkey zombie (D:6)
  5 gnolls (D:5)
  2 howler monkey skeletons
  12 adders
  An ooze (D:2)
  2 adder skeletons
  2 adder zombies
  11 worms
  4 leopard geckos
  44 orcs
  7 giant cockroaches
  6 goblins
  8 hobgoblins
  17 jackals
  9 kobolds
  2 quokkas
  5 ball pythons
  5 bats
  2 frilled lizards
  2 jackal skeletons
  A leopard gecko skeleton (D:4)
  12 rats
262 creatures vanquished.

Vanquished Creatures (others)
  4 slaves (D:8)
  5 worms (D:8)
  An orc (D:8)
  3 plants (D:8)
13 creatures vanquished.

Grand Total: 275 creatures vanquished

Notes
Turn   | Place    | Note
-------+----------+-------------------------------------------
     0 | D:1      | meatball the Troll Monk began the quest for the Orb.
     0 | D:1      | Reached XP level 1. HP: 22/22 MP: 0/0
   252 | D:1      | Reached XP level 2. HP: 24/29 MP: 1/1
   919 | D:2      | Noticed Terence
   941 | D:2      | Killed Terence
   941 | D:2      | Reached XP level 3. HP: 18/36 MP: 2/2
  1084 | D:2      | Reached XP level 4. HP: 45/45 MP: 3/3
  1097 | D:2      | Reached skill level 4 in Unarmed Combat
  1744 | D:3      | Noticed Ijyb
  1747 | D:3      | Paralysed by Ijyb for 4 turns
  1753 | D:3      | Killed Ijyb
  1753 | D:3      | Reached XP level 5. HP: 53/53 MP: 4/4
  2321 | D:3      | Reached XP level 6. HP: 62/62 MP: 5/5
  2616 | D:4      | Reached skill level 5 in Unarmed Combat
  2684 | D:4      | Noticed Blork the orc
  2687 | D:4      | Noticed meatball's ghost (novice MiFi)
  2761 | D:4      | Killed meatball's ghost
  2761 | D:4      | Reached skill level 5 in Fighting
  2761 | D:4      | Reached skill level 6 in Unarmed Combat
  2761 | D:4      | Reached XP level 7. HP: 34/72 MP: 6/6
  2956 | D:4      | Noticed Dowan
  2973 | D:4      | Killed Blork the orc
  2999 | D:4      | Noticed Duvessa
  3113 | D:4      | Killed Duvessa
  3113 | D:4      | Reached XP level 8. HP: 72/81 MP: 7/7
  3128 | D:4      | Killed Dowan
  3373 | D:4      | Reached skill level 1 in Evocations
  3587 | D:5      | Entered Level 5 of the Dungeon
  3696 | D:5      | Noticed Sigmund
  3723 | D:5      | Killed Sigmund
  3723 | D:5      | Reached skill level 7 in Unarmed Combat
  3757 | D:5      | Found a staircase to the Ecumenical Temple.
  3773 | Temple   | Entered the Ecumenical Temple
  3786 | Temple   | Became a worshipper of the Shining One
  3786 | Temple   | Reached * piety under the Shining One
  3786 | Temple   | Reached ** piety under the Shining One
  4529 | D:6      | Found an iron altar of Okawaru.
  4630 | D:6      | Reached XP level 9. HP: 66/89 MP: 10/10
  4674 | D:6      | Found a shimmering altar of Xom.
  4781 | D:6      | Reached skill level 5 in Dodging
  4974 | D:7      | Found a glowing silver altar of Zin.
  4974 | D:7      | Noticed an angel
  4975 | D:7      | Found a runed door.
  4986 | D:7      | Found a glowing silver altar of Zin.
  5259 | D:7      | Reached skill level 8 in Unarmed Combat
  5683 | D:8      | Noticed Joseph
  5703 | D:8      | Killed Joseph
  5703 | D:8      | Reached skill level 5 in Evocations
  5770 | D:8      | Found a sparkling altar of Nemelex Xobeh.
  5809 | D:8      | Reached XP level 10. HP: 84/102 MP: 12/12
  5879 | D:8      | Noticed Pikel
  5887 | D:8      | Killed Pikel
  6023 | D:8      | Reached *** piety under the Shining One
  6148 | D:8      | The Shining One protects you from harm!
  6149 | D:8      | The Shining One protects you from harm!
  6150 | D:8      | HP: 5/102 [swamp worm (16)]
  6216 | D:8      | HP: 1/102 [swamp worm (21)]
  6936 | D:8      | Reached skill level 9 in Unarmed Combat
  6971 | D:8      | Noticed Grum
  6980 | D:8      | Killed Grum
  7266 | D:9      | Found a bloodstained altar of Trog.
  7331 | D:9      | Noticed a two-headed ogre
  7333 | D:9      | Reached skill level 1 in Invocations
  7341 | D:9      | Killed a two-headed ogre
  7747 | D:9      | Found Afoteetu's Armour Shop.
  7748 | D:9      | Found a staircase to the Orcish Mines.
  7924 | D:10     | Entered Level 10 of the Dungeon
  7926 | D:10     | Noticed Nergalle
  7941 | D:10     | Killed Nergalle
  7941 | D:10     | Reached XP level 11. HP: 80/111 MP: 13/13
  7999 | D:10     | Noticed Gastronok
  8011 | D:10     | Killed Gastronok
  8050 | D:10     | Noticed a death knight
  8068 | D:10     | Slain by a death knight

Skill      XL: |  1  2  3  4  5  6  7  8  9 10 11 |
---------------+----------------------------------+-----
Fighting       | 3 5 6 7 8 |  8.3
Unarmed Combat | 4 6 7 8 9 |  9.9
Dodging        | 3 4 5 7 |  7.4
Evocations     | 3 5 |  5.0
Invocations    | 3 4 |  4.4
Stealth        | |  1.0

Action                   |  1- 3 |  4- 6 |  7- 9 | 10-12 || total
-------------------------+-------+-------+-------+-------++-------
Melee: Unarmed           |    82 |   156 |   260 |   218 ||   716
       Punch             |     2 |     3 |     6 |     8 ||    19
Invok: Divine Shield     |       |       |       |     2 ||     2
  Use: Potion            |       |       |       |     1 ||     1
 Stab: Sleeping          |     3 |     6 |     1 |       ||    10
  Eat: Chunk             |     7 |    23 |    29 |    19 ||    78
Armor: Robe              |    39 |    47 |    48 |    53 ||   187
Dodge: Dodged            |    48 |    67 |   114 |   121 ||   350
Block: Other             |       |       |       |     1 ||     1
